 Dungeon Crawl Stone Soup version 0.31-a0-1589-g8f5e8aebd6 (webtiles) character file.

Game seed: 7981415766428924800

2 Flugslaktarn the Apothecary (level 1, 5/11 HPs)
             Began as an Octopode Alchemist on Jan 5, 2024.
             Quit the game on level 2 of the Dungeon.
             The game lasted 00:00:11 (42 turns).

Flugslaktarn the Apothecary (Octopode Alchemist)      Turns: 42, Time: 00:00:11

Health: 5/11       AC:  1    Str:  7    XL:     1   Next: 30%
Magic:  0/3        EV: 10    Int: 17    God:
Gold:   0          SH:  0    Dex: 12    Spells: 3/4 levels left

rFire   . . .        (no weapon)
rCold   . . .        (no shield)
rNeg    . . .        (helmet restricted)
rPois   .            (no amulet)
rElec   .            (no ring)
rCorr   .            (no ring)
SInv    .            (no ring)
Will    .....        (no ring)
Stlth   +++          (no ring)
HPRegen 0.21/turn    (no ring)
MPRegen 0.08/turn    (no ring)
                     (no ring)

%: no passive effects
@: very slightly contaminated, constricted
A: almost no armour, amphibious, 8 rings, camouflage 1, gelatinous body 1,
(nimble swimmer 1), tentacles
a: no special abilities


You were on level 2 of the Dungeon.
You visited 1 branch of the dungeon, and saw 2 of its levels.

Inventory:

Potions
 a - a potion of magic
 b - a potion of curing {unknown}


   Skills:
 - Level 2.0 Dodging
 - Level 2.6 Stealth
 + Level 2.0 Spellcasting
 - Level 1.0 Conjurations
 * Level 3.4 Alchemy


You had 3 spell levels left.
You knew the following spells:

 Your Spells              Type           Power      Damage    Failure   Level
a - Sting                 Conj/Alch      36%        1d5       8%          1

Your spell library contained the following spells:

 Spells                   Type           Power      Damage    Failure   Level
 Mercury Vapours          Alch/Air       14%        N/A       14%         2
 Mephitic Cloud           Conj/Alch/Air  6%         N/A       32%         3
 Dazzling Flash           Conj/Hex       6%         N/A       43%         3
 Olgreb's Toxic Radiance  Alch           13%        N/A       43%         4
 Sticky Flame             Fire/Alch      7%         2d4       67%         4
 Curse of Agony           Necr           1%         N/A       99%         5
 Silence                  Hex/Air        0%         N/A       99%         5


Dungeon Overview and Level Annotations

Branches:
Dungeon (2/15)

Altars:


Innate Abilities, Weirdness & Mutations

You cannot wear most types of armour.
You are amphibious.
You can wear up to eight rings at the same time.
Your skin changes colour to match your surroundings (Stealth+).
Your rubbery body absorbs attacks. (AC +1, EV +1)
((You are camouflaged when in or above water. (Stealth+)))
You have tentacles for arms and can constrict up to eight enemies at once.


Message History

Welcome, Flugslaktarn the Octopode Alchemist.
Will you be the one to retrieve the legendary Orb of Zot from the depths?
Press ? for a list of commands and other information.
Found a fuming silvery potion.
Found a staircase leading out of the dungeon.
b - a fuming silvery potion You open the door.
Found 3 stones.
Found a stone staircase leading down.
There is an open door here.
An endoplasm comes into view.
Found a silvery potion.
A rat comes into view.
The rat squeaks loudly.
You hear an angry hiss.
You pick up a book of the Senses and begin reading...
You add the spells Dazzling Flash, Curse of Agony and Silence to your library.
A ball python comes into view.
There are no items here.
A kobold comes into view. It is wielding a +0 dagger.
Casting: Sting (safe; 9% risk of failure)
Confirm with . or Enter, or press ? or * to list all spells.
Aiming: Sting (safe; 9% risk of failure)
Press: ? - help, Shift-Dir - straight line, f - kobold
Aim: a kobold, wielding a +0 dagger (wandering, hasn't noticed you, 60% to hit)
The sting hits the kobold but does no damage.
The kobold is poisoned.
The kobold shouts!
A goblin comes into view. It is wielding a +0 dagger.
The goblin shouts!
You tentacle-slap the kobold but do no damage.
Your grab misses the kobold. Your squeeze misses the kobold.
The kobold is heavily wounded.
You hear a loud squeak.
You hear an angry hiss.
A rat comes into view.
The kobold closely misses you.
Casting: Sting (safe; 9% risk of failure)
Confirm with . or Enter, or press ? or * to list all spells.
Aiming: Sting (safe; 9% risk of failure)
Press: ? - help, Shift-Dir - straight line, f/p - kobold
Aim: a kobold, wielding a +0 dagger (heavily wounded, poisoned, 60% to hit)
The sting hits the kobold.
The kobold looks even sicker.
You kill the kobold!
A ball python comes into view.
The ball python closely misses you. x2; The ball python barely misses you. x2
The ball python moves out of view.
The ball python hisses angrily.
The ball python misses you. The ball python grabs you.
The ball python constricts you.
A frilled lizard comes into view.
You escape the ball python's grasp.
Casting: Sting (safe; 8% risk of failure)
Confirm with . or Enter, or press ? or * to list all spells.
Aiming: Sting (safe; 8% risk of failure)
Press: ? - help, Shift-Dir - straight line, f - ball python
Aim: a ball python (64% to hit)
The sting hits the ball python.
The ball python is poisoned.
You kill the ball python!
The goblin barely misses you.
The ball python attacks as it pursues you!
The ball python barely misses you. The ball python grabs you.
The ball python constricts you.
You escape the ball python's grasp.
A ball python comes into view.
Found a leather armour.
The goblin attacks as it pursues you! The goblin hits you with a +0 dagger.
The ball python attacks as it pursues you!
The ball python bites you but does no damage.
The ball python misses you.
There is a stone staircase leading down here.
The ball python bites you. The ball python closely misses you.
You climb downwards.
The kobold shouts!
The rat squeaks loudly.
The adder hisses angrily.
Found a spear.
There is a stone staircase leading up here.
Casting: Sting (safe; 8% risk of failure)
Confirm with . or Enter, or press ? or * to list all spells.
Aiming: Sting (safe; 8% risk of failure)
Press: ? - help, Shift-Dir - straight line, f - ball python
Aim: a ball python (64% to hit)
You miscast Sting.
You are very lightly contaminated with residual magic.
Nothing appears to happen.
The ball python barely misses you. The ball python closely misses you.
A kobold comes into view. It is wielding a +0 club.
The ball python attacks as it pursues you!
The ball python bites you. The ball python closely misses you. x2
The ball python barely misses you.
The kobold throws a stone.
The stone barely misses you.
Found a scroll labelled RIMOAV HORO.
Casting: Sting (safe; 8% risk of failure)
Confirm with . or Enter, or press ? or * to list all spells.
You don't have enough magic to cast this spell.
The ball python bites you but does no damage.
The ball python grabs you. The ball python constricts you.
Are you sure you want to abandon this character and quit the game? (Confirm with "yes".)

.. .. .. ###. .#
... .. ...
.###... ... ..
....... ...###..
.......
#.......##.......
...............##
..).....@...?....
.....#SS##..#.##
#.... #..# ....
#...#.#r.##..#.##
.......<.........
.....K...........
#...#.#..##..#.#
#.K #.#..# ....
.. #.#... ...#


You could see an adder, a ball python, a kobold and a rat.

Vanquished Creatures
  A kobold (D:1)
  A ball python (D:1)
2 creatures vanquished.

Notes
Turn   | Place    | Note
-------+----------+-------------------------------------------
     0 | D:1      | Flugslaktarn the Octopode Alchemist began the quest for the
                  | Orb.
     0 | D:1      | Reached XP level 1. HP: 11/11 MP: 3/3
    42 | D:2      | Quit the game

Illustrated notes

Levels and vault maps discovered:
D:1:      roadster_arrival_rocket_small, layout_rooms
D:2:      layout_basic, shapermc_ecumenical_altar_notcrosses,
          serial_bayou_lake_a

Action                     || total
---------------------------++-------
  Melee: Unarmed           ||     1
   Cast: Sting             ||     3
 Armour: Skin              ||     5
  Dodge: Dodged            ||    16

Table legend: (Time is in decaauts)
 A = Elapsed time spent in this place.
 B = Non-inter-level travel time spent in this place.
 C = Inter-level travel time spent in this place.
 D = Time resting spent in this place.
 E = Time spent auto-exploring this place.
 F = Levels seen in this place.
 G = Mean time per level.
                   A        B        C        D        E       F      G
               +--------+--------+--------+--------+--------+-----+--------+
         Total |     41 |     41 |      0 |      0 |     11 |   2 |   20.5 |
       Dungeon |     41 |     41 |      0 |      0 |     11 |   2 |   20.5 |
               +--------+--------+--------+--------+--------+-----+--------+

Top non-repeatable levels by time:
     D:1: 35 daAuts
     D:2: 6 daAuts
